 Dungeon Crawl Stone Soup version 0.31-a0-75-g6fe912e8c5 (webtiles) character file.

Game seed: 5919676523797806195

224 loir the Sneak (level 5, -1/27 HPs)
             Began as a Spriggan Brigand on May 23, 2023.
             Splashed by a jelly's acid (9 damage)
             ... on level 4 of the Dungeon.
             The game lasted 00:21:10 (3013 turns).

loir the Sneak (Spriggan Brigand)                   Turns: 3013, Time: 00:21:10

Health: -1/27      AC: -9    Str:  7    XL:     5   Next: 67%
Magic:  8/8        EV: 18    Int: 12    God:
Gold:   167        SH:  0    Dex: 19    Spells: 7/7 levels left

rFire   . . .        p - +3 dagger (holy)
rCold   . . .        (no shield)
rNeg    + . .        b - +0 robe
rPois   .            (helmet restricted)
rElec   .            c - +0 cloak
rCorr   .            (gloves unavailable)
SInv    +            (boots unavailable)
Will    +....        (no amulet)
Stlth   ++++         l - ring of positive energy
HPRegen 0.24/turn    m - ring of willpower
MPRegen 0.11/turn

%: no passive effects
@: corroded, very quick
A: very small, no large weapons, unfitting armour, see invisible, speed 3
a: no special abilities


You were on level 4 of the Dungeon.
You visited 1 branch of the dungeon, and saw 4 of its levels.

You collected 167 gold pieces.

Inventory:

Hand Weapons
 a - a +2 dagger of protection
 p - a +3 dagger of holy wrath (weapon)
Missiles
 d - 12 poisoned darts (quivered)
 e - 3 curare-tipped darts
 g - 44 stones
Armour
 b - a +0 robe (worn)
 c - a +0 cloak (worn)
Jewellery
 l - a ring of positive energy (left hand)
 m - a ring of willpower (right hand)
Wands
 i - a wand of light (8)
 o - a wand of mindburst (6)
Scrolls
 j - 2 scrolls of teleportation
Potions
 f - a potion of might {unknown}
 h - a potion of heal wounds {unknown}
 k - a potion of brilliance
 n - a potion of haste {unknown}


   Skills:
 + Level 2.3 Fighting
 * Level 3.7 Short Blades
 + Level 3.0 Throwing
 + Level 3.0 Dodging
 + Level 6.9 Stealth
 + Level 1.9 Spellcasting


You had 7 spell levels left.
You didn't know any spells.
Your spell library contained the following spells:

 Spells                   Type           Power      Damage    Failure   Level
 Foxfire                  Conj/Fire      0%         2x1d4     30%         1
 Fireball                 Conj/Fire      0%         3d3       100%        5
 Summon Forest            Summ/Tloc      0%         N/A       100%        5
 Eringya's Noxious Bog    Tmut/Pois      0%         N/A       100%        6
 Plasma Beam              Fire/Air       0%         2x1d11    100%        6
 Starburst                Conj/Fire      0%         6d3       100%        6
 Summon Hydra             Summ           0%         N/A       100%        7


Dungeon Overview and Level Annotations

Branches:
Dungeon (4/15)
 Temple: D:4-7

Altars:
Dithmenos
Gozag

Annotations:
D:2 1 runed translucent door, Crazy Yiuf


Innate Abilities, Weirdness & Mutations

You are very small and have problems with some larger weapons.
You are too small for most types of armour.
You have supernaturally acute eyesight. (SInv)
You cover ground extremely quickly. (Speed+++)


Message History

You see here a +0 short sword.
d - 9 poisoned darts (gained 1)
d - 10 poisoned darts (gained 1)
o - a scroll labelled VIOSAB HETZISH
d - 11 poisoned darts (gained 1)
You now have 153 gold pieces (gained 15).
d - 12 poisoned darts (gained 1)
As you read the scroll labelled VIOSAB HETZISH, it crumbles to dust.
It is a scroll of enchant weapon.
Your +2 dagger of holy wrath glows red for a moment.
Your +2 dagger of protection goes still.
Your +3 dagger of holy wrath softly glows with a divine radiance!
p - a +3 dagger of holy wrath (weapon)
You open the door.
There is an open door here.
You open the door.
There is an open door here.
You now have 167 gold pieces (gained 14).
o - a wand of mindburst (6)
There are no items here.
Found an escape hatch in the floor.
As you open the door, it creaks loudly!
There is an open door here.
A jelly comes into view.
The jelly quivers.
You puncture the jelly!
Your hands burn!
The jelly is heavily wounded.
You hit the jelly. The acid corrodes you!
Your hands burn!
The jelly is severely wounded.
The jelly hits you. The acid corrodes you!
You are splashed with acid!
You are too injured to fight recklessly!
You hit the jelly but do no damage.
Your hands burn!
The jelly is severely wounded.
The jelly completely misses you.
You hit the jelly but do no damage. The acid corrodes you!
Your hands burn!
The jelly is severely wounded.
The jelly hits you.
* * * LOW HITPOINT WARNING * * *
You are splashed with acid!
You die...

#...<.#)......
#.....#.......
#.>....)......
####.............
#######......รท.........
...................###.
#...#.#...#.....#.....
.#.#...#.#............
#..@..#...#...####..
#.J...#..#....# #.
#.....###...#..
..#...#.. ..#...#
#...#.#...# #..
..#...#...#.. #. ....#..
..#.... .. .## ##. ..


You could see a jelly.

Vanquished Creatures
  Terence (D:2)
  Natasha (twice) (D:4 D:3)
  An orc wizard (D:3)
  3 gnolls
  3 adders
  A worm (D:2)
  2 dart slugs (D:1)
  4 orcs (D:3)
  2 bats
  6 endoplasms
  2 giant cockroaches (D:1)
  4 goblins
  5 hobgoblins
  2 jackals (D:1)
  8 kobolds
  A quokka (D:2)
  6 ball pythons
  3 frilled lizards
  7 rats
63 creatures vanquished.

Notes
Turn   | Place    | Note
-------+----------+-------------------------------------------
     0 | D:1      | loir the Spriggan Brigand began the quest for the Orb.
     0 | D:1      | Reached XP level 1. HP: 10/10 MP: 2/2
    93 | D:1      | Reached skill level 6 in Stealth
    97 | D:1      | Reached XP level 2. HP: 15/15 MP: 3/3
   457 | D:1      | Reached XP level 3. HP: 18/18 MP: 4/4
   918 | D:2      | Found an opulent altar of Gozag.
  1168 | D:2      | Noticed Terence
  1443 | D:2      | Killed Terence
  1444 | D:2      | Reached skill level 1 in Spellcasting
  1444 | D:2      | Reached XP level 4. HP: 23/23 MP: 4/6
  1686 | D:2      | Found a runed translucent door.
  1687 | D:2      | Noticed Crazy Yiuf
  1773 | D:3      | Found a shadowy altar of Dithmenos.
  2050 | D:3      | Reached XP level 5. HP: 16/26 MP: 6/8
  2713 | D:4      | Noticed Natasha
  2731 | D:4      | Killed Natasha
  2743 | D:4      | Noticed Natasha
  2754 | D:3      | Upgraded the game from 0.31-a0-66-ge618eeaa78 to
                  | 0.31-a0-75-g6fe912e8c5
  2779 | D:3      | Killed Natasha
  3013 | D:4      | Splashed by a jelly's acid

Illustrated notes

Levels and vault maps discovered:
D:1:      onia_arrival_handbag, layout_loops_cross, minivault_11,
          roderic_lattice_a
D:2:      layout_loops_cross, basic_altar, chequers_hall_statues_corner_a,
          uniq_crazy_yiuf_cottage, uniq_terence
D:3:      layout_basic, nicolae_dithmenos_the_darkroom, minmay_strange_pillars,
          st_stairs_8
D:4:      layout_basic, nicolae_overflow_hidden_temple, minmay_splitting_lines,
          uniq_natasha

Skill      XL: |  1  2  3  4  5 |
---------------+----------------+-----
Stealth        | 6 |  6.9
Dodging        | 2 3 |  3.0
Fighting       | 2 |  2.3
Spellcasting   | 1 |  1.9
Short Blades   | 3 |  3.7
Throwing       | 3 |  3.0

Action                     |  1- 3 |  4- 6 || total
---------------------------+-------+-------++-------
  Melee: Dagger            |    84 |   129 ||   213
         Punch             |     1 |     1 ||     2
  Throw: Dart              |     4 |    10 ||    14
    Use: Scroll            |     1 |     7 ||     8
   Stab: Sleeping          |    18 |     8 ||    26
         Distracted        |       |     1 ||     1
 Armour: Robe              |     8 |    33 ||    41
  Dodge: Dodged            |    40 |    81 ||   121

Table legend: (Time is in decaauts)
 A = Elapsed time spent in this place.
 B = Non-inter-level travel time spent in this place.
 C = Inter-level travel time spent in this place.
 D = Time resting spent in this place.
 E = Time spent auto-exploring this place.
 F = Levels seen in this place.
 G = Mean time per level.
                   A        B        C        D        E       F      G
               +--------+--------+--------+--------+--------+-----+--------+
         Total |   2021 |   1901 |    120 |    149 |   1254 |   4 |  505.2 |
       Dungeon |   2021 |   1901 |    120 |    149 |   1254 |   4 |  505.2 |
               +--------+--------+--------+--------+--------+-----+--------+

Top non-repeatable levels by time:
     D:3: 747 daAuts
     D:1: 635 daAuts
     D:2: 499 daAuts
     D:4: 138 daAuts
